 Dungeon Sprint DCSS version 0.23-a0-143-g1adec7b (webtiles) character file.

80 Faca the Chopper (level 4, -1/70 HPs)
             Began as a Minotaur Berserker on Aug 31, 2018.
             Was a Believer of Trog.
             Slain by a tyrant leech (9 damage)
             ... in the Dungeon (Sprint II: "The Violet Keep of Menkaure").
             The game lasted 00:00:48 (541 turns).

Faca the Chopper (Minotaur Berserker)                Turns: 541, Time: 00:00:48

Health: -1/70      AC:  2    Str: 28    XL:     4   Next: 18%
Magic:  3/3        EV: 13    Int:  4    God:    Trog [**....]
Gold:   243        SH:  0    Dex:  9    Spells: 3/3 levels left

rFire    . . .     SeeInvis .   a - +0 hand axe
rCold    . . .     Gourm    .   (no shield)
rNeg     . . .     Faith    .   b - +0 animal skin
rPois    .         Spirit   .   (helmet restricted)
rElec    .         Reflect  .   (no cloak)
rCorr    .         Harm     .   (no gloves)
MR       .....     NoTele   +   (no boots)
Stlth    ..........             (no amulet)
HPRegen  0.21/turn              (no ring)
MPRegen  0.08/turn              (no ring)

@: berserking (expiring), very quick
A: retaliatory headbutt, horns 2
a: Berserk, Trog's Hand, Renounce Religion


You were in the Dungeon.
You worshipped Trog.
Trog was pleased with you.
You were hungry.

You visited 1 branch You collected 243 gold pieces.

Inventory:

Hand Weapons
 a - a +0 hand axe (weapon)
Armour
 b - a +0 animal skin (worn)
Scrolls
 i - a scroll of blinking
Potions
 d - a potion of curing
 e - a potion of heal wounds
 f - a potion of haste
 g - 2 potions of magic
 h - a potion of berserk rage
Comestibles
 c - a ration


   Skills:
 + Level 7.0 Fighting
 + Level 7.3 Axes
 + Level 3.9 Armour
 + Level 3.7 Dodging


You had 3 spell levels left.
You didn't know any spells.
Your spell library was empty.

Dungeon Overview and Level Annotations

Branches:
Dungeon (1/1)

Altars:


Innate Abilities, Weirdness & Mutations

You reflexively headbutt those who attack you in melee.
You have a pair of horns on your head.


Message History

You completely miss the tyrant leech. The tyrant leech barely misses you.
You closely miss the tyrant leech. Your headbutt misses the tyrant leech.
You barely miss the tyrant leech. The tyrant leech bites you!
The tyrant leech draws strength from your injuries!
There is an open door, spattered with blood here.
You miss the tyrant leech. Your headbutt misses the tyrant leech.
You hit the tyrant leech. The tyrant leech bites you!!
The tyrant leech draws strength from your injuries!
You miss the tyrant leech. You hit the tyrant leech.
The tyrant leech bites you!!
* * * LOW HITPOINT WARNING * * *
The tyrant leech draws strength from your injuries!
You slash the tyrant leech!
The tyrant leech is lightly wounded.
You slash the tyrant leech! The tyrant leech barely misses you.
You hit the tyrant leech but do no damage.
The tyrant leech is lightly wounded.
You hit the tyrant leech. The tyrant leech bites you!
You die...

##≈≈#+++#+++##
#≈≈≈.........#
#≈≈≈≈.##'##..#
#≈≈≈≈##.#.##.####
#≈≈≈ #.##..#....#
#≈≈ ###..####..##
#≈ #'###.##..# #
##.##...#..#
+.<.+ #@w.#
##.##$.w#....#
#+###.##§.....≈≈
## ≈≈.....≈#
≈≈≈≈≈..≈#
≈≈§≈§≈≈.≈#
≈≈≈§§§§≈≈#
≈≈≈≈≈≈§≈≈≈#


You could see 2 tyrant leeches.

Vanquished Creatures
  A crocodile (D)
  3 worms (D)
4 creatures vanquished.

Vanquished Creatures (others)
  Menkaure (D)
  A crocodile (D)
2 creatures vanquished.

Grand Total: 6 creatures vanquished

Notes
Turn   | Place    | Note
-------+----------+-------------------------------------------
     0 | D        | Faca the Minotaur Berserker began the quest for the Orb.
     0 | D        | Reached XP level 1. HP: 19/19 MP: 0/0
    35 | D        | Killed Menkaure
    41 | D        | Killed a crocodile
   294 | D        | Noticed a flying skull
   294 | D        | Noticed a flying skull
   294 | D        | Noticed a flying skull
   294 | D        | Noticed a flying skull
   294 | D        | Noticed a flying skull
   294 | D        | Noticed a flying skull
   295 | D        | Noticed a flying skull
   295 | D        | Noticed a flying skull
   295 | D        | Noticed a flying skull
   296 | D        | Noticed a flying skull
   296 | D        | Noticed a flying skull
   297 | D        | Noticed a flying skull
   300 | D        | Reached ** piety under Trog
   300 | D        | Reached XP level 2. HP: 28/28 MP: 1/1
   305 | D        | Noticed a crocodile
   311 | D        | Killed a crocodile
   311 | D        | Reached XP level 3. HP: 17/39 MP: 2/2
   311 | D        | Reached XP level 4. HP: 21/47 MP: 3/3
   531 | D        | Noticed a tyrant leech
   531 | D        | Noticed a tyrant leech
   541 | D        | Slain by a tyrant leech

Vault maps used:
D:        the_violet_keep_of_menkaure

Skill      XL: |  1  2 |
---------------+-------+-----
Fighting       | 4 7 |  7.0
Axes           | 4 7 |  7.3
Armour         | 3 |  3.9
Dodging        | 3 |  3.7

Action                   |  1- 3 |  4- 6 || total
-------------------------+-------+-------++-------
Melee: Hand axe          |    16 |     7 ||    23
       Headbutt          |     4 |       ||     4
Invok: Berserk           |     1 |     1 ||     2
Armor: Animal skin       |     1 |       ||     1
Dodge: Dodged            |     2 |     2 ||     4

Table legend:
 A = Non-vault XP
 B = Vault XP
 C = Vault XP percentage of total XP
 D = Non-vault monster count
 E = Vault monster count
 F = Vault count percentage of total count
                 A         B        C        D         E       F
            +---------+---------+-------+---------+---------+-------
      Total |       0 |     115 | 100.0 |       0 |       4 | 100.0
            +---------+---------+-------+---------+---------+-------
          D |       0 |     115 | 100.0 |       0 |       4 | 100.0
            +---------+---------+-------+---------+---------+-------
